Map: Lerilak Crest

Players

Rage

  • Race: Zerg Zerg
  • League: Gold

capac - Winner!

  • Race: Terran Terran
  • League: Gold

VOD

Have the link to the VOD?

Description

Time

  • Played on: March 11, 2016, 1:05 p.m.
  • Length: 13:09
Show
View Real Time Build Order
Export as new Build Order

Rage Zerg 

Build Orders: Pool First 

Get SALT Encoding   

  12  0:01  Drone  
  13  0:14  Overlord  
  13  0:17  Drone  
  13  0:20  Extractor  
  13  0:24  Drone  
  14  0:33  Drone  
  15  0:37  Drone  
  16  0:47  Drone  
  17  0:54  Spawning Pool  
  16  0:59  Drone  
  17  1:25  Overlord  
  17  1:26  Drone  
  18  1:35  Hatchery  
  17  1:41  Metabolic Boost  
  17  1:49  Queen  
  19  1:56  Zergling x4  
  19  1:59  Zergling x2  
  22  2:08  Zergling x2  
  23  2:18  Zergling x2  
  24  2:25  Extractor  
  24  2:29  Zergling x2  
  24  2:30  Baneling Nest  
  23  2:39  Zergling x2  
  24  2:56  Drone x2  
  26  3:01  Drone  
  27  3:07  Queen  
  27  3:08  Zergling x2  
  27  3:09  Zergling x4  
  27  3:10  Zergling x2  
  33  3:17  Baneling x2  
  33  3:23  Drone x2  
  33  3:26  Drone  
  36  3:32  Baneling  
  36  3:33  Baneling  
  36  3:42  Baneling x2  
  36  3:49  Overlord  
  36  3:54  Overlord  
  36  4:02  Queen  
  27  4:32  Zergling x14  
  27  4:33  Zergling x10  
  27  4:37  Baneling  
  39  4:43  Zergling x6  
  43  4:52  Zergling x2  
  43  4:53  Zergling x2  
  44  5:03  Drone x2  
  46  5:21  Drone x3  
  49  5:22  Roach Warren  
  49  5:24  Lair  
  49  5:28  Baneling x3  
  48  5:32  Drone  
  49  5:39  Drone x2  
  49  6:01  Baneling x5  
  49  6:02  Drone x2  
  51  6:06  Extractor  
  51  6:07  Extractor  
  49  6:12  Drone x2  
  51  6:20  Hatchery  
  51  6:21  Spore Crawler  
  51  6:22  Drone  
  51  6:23  Spore Crawler  
  49  6:26  Drone x2  
  49  6:44  Overlord x3  
  49  6:48  Baneling  
  49  6:49  Baneling  
  49  6:50  Spine Crawler  
  45  6:58  Baneling x4  
  43  7:04  Roach x3  
  49  7:13  Spine Crawler  
  44  7:22  Centrifical Hooks  
  41  7:26  Drone x4  
  45  7:31  Drone x2  
  45  7:36  Glial Reconstitution  
  47  7:38  Drone  
  48  7:44  Drone x2  
  50  7:52  Drone x3  
  53  8:03  Drone  
  53  8:05  Spire  
  53  8:06  Extractor, Drone  
  53  8:07  Drone  
  53  8:08  Extractor  
  53  8:17  Drone x3  
  53  8:18  Drone x2  
  58  8:27  Drone  
  58  8:28  Evolution Chamber  
  58  8:29  Evolution Chamber, Drone  
  58  8:35  Overseer  
  58  8:44  Zergling x4  
  58  8:45  Zergling x10  
  65  8:52  Drone  
  65  8:53  Drone  
  65  8:55  Spore Crawler  
  66  8:58  Zerg Melee Weapons Level 1  
  66  9:02  Zerg Ground Armor Level 1  
  66  9:07  Baneling x8  
  66  9:13  Overseer  
  66  9:15  Drone x3  
  66  9:16  Drone  
  70  9:17  Drone  
  70  9:21  Drone x2  
  73  9:28  Drone  
  74  9:36  Overlord x2  
  74  9:37  Overlord x2  
  74  9:53  Overlord x3  
  74  9:54  Queen  
  74  9:57  Drone x2  
  78  10:00  Zergling x6  
  78  10:01  Zergling x4  
  83  10:13  Zergling x10  
  83  10:14  Zergling x4  
  90  10:20  Mutalisk x2  
  94  10:26  Baneling  
  94  10:27  Baneling x6  
  94  10:36  Infestation Pit, Drone x4  
  97  10:48  Mutalisk x3  
  97  10:49  Mutalisk x2  
  107  10:56  Drone x2  
  107  10:57  Drone, Hydralisk Den  
  108  11:03  Baneling  
  108  11:04  Baneling x3  
  109  11:06  Baneling x2  
  109  11:11  Baneling x2  
  109  11:12  Zergling x12  
  115  11:21  Drone  
  115  11:22  Drone x3  
  97  11:35  Zergling x10  
  97  11:36  Zergling x4  
  87  11:41  Baneling  
  73  11:56  Mutalisk x7  
  73  11:57  Mutalisk  
  86  12:07  Baneling x5  
  86  12:08  Baneling x3  
  84  12:21  Spine Crawler x2  
  78  12:24  Spine Crawler  
  72  12:32  Zergling x10  
  73  12:46  Overlord x5  
  73  12:52  Baneling  
Show
View Real Time Build Order
Export as new Build Order

capac Terran - Winner!

Build Orders: MMM Bio 

Get SALT Encoding   

  12  0:01  SCV  
  13  0:13  SCV  
  14  0:17  Supply Depot  
  14  0:26  SCV  
  15  0:41  Barracks  
  15  0:43  SCV  
  15  0:46  Refinery  
  16  0:55  SCV  
  17  1:07  SCV  
  18  1:19  SCV  
  19  1:31  SCV  
  20  1:33  Reaper  
  20  1:39  Command Center  
  21  1:46  Orbital Command  
  21  1:55  Supply Depot  
  21  2:12  Barracks Reactor  
  21  2:13  SCV  
  22  2:20  Barracks  
  21  2:53  Marine x2  
  22  3:16  Marine x2  
  22  3:17  Barracks Tech Lab  
  22  3:19  Factory  
  24  3:21  Orbital Command  
  24  3:22  SCV  
  25  3:29  Refinery  
  25  3:35  Marine x2  
  25  3:37  Marine  
  25  3:39  SCV  
  25  3:41  Stimpack  
  29  3:51  SCV  
  30  3:57  Marine x2  
  33  4:09  Marine  
  32  4:12  Hellion  
  32  4:15  Marine  
  23  4:31  Orbital Command  
  22  4:32  Supply Depot  
  22  4:35  Barracks Reactor  
  22  4:37  Factory Tech Lab  
  22  4:46  Marine  
  23  4:59  Siege Tank  
  26  5:04  Marine  
  27  5:20  Bunker  
  25  5:22  Marine  
  25  5:23  Marine x2  
  28  5:29  SCV  
  28  5:30  Barracks  
  29  5:39  Marine  
  29  5:42  Siege Tank  
  33  5:47  Marine  
  33  5:49  Starport, Marine  
  35  5:59  Marine  
  36  6:07  Marine  
  36  6:08  Marine  
  36  6:11  SCV  
  39  6:29  Orbital Command  
  39  6:40  Marine x3  
  39  6:43  Siege Tank  
  39  6:45  Starport Reactor  
  45  6:49  Supply Depot  
  45  6:51  SCV  
  46  7:11  Marine x3  
  49  7:22  Marine  
  48  7:23  Siege Tank  
  48  7:29  Marine x2  
  54  7:56  Supply Depot  
  54  8:01  Supply Depot  
  54  8:13  Command Center  
  54  8:16  Barracks Reactor  
  54  8:17  Medivac  
  54  8:18  Marine x2, Siege Tank, SCV  
  54  8:19  Combat Shields  
  62  8:22  Marine  
  62  8:24  Supply Depot  
  63  8:28  Supply Depot, SCV  
  63  8:30  SCV  
  65  8:40  SCV  
  66  8:41  Medivac  
  68  8:49  SCV  
  68  8:53  Refinery  
  69  8:55  Marine  
  69  8:56  Marine x4  
  69  8:59  Medivac  
  69  9:02  Supply Depot  
  76  9:11  SCV  
  76  9:12  SCV  
  76  9:14  Marine x3  
  76  9:15  Marine x2  
  83  9:18  Medivac  
  85  9:27  Supply Depot  
  85  9:32  SCV x2  
  87  9:44  SCV  
  88  9:48  SCV  
  88  9:51  Marine x3  
  92  9:56  SCV  
  93  10:17  Marine x2  
  93  10:18  Marine x3  
  93  10:20  Siege Tank  
  101  10:22  Engineering Bay  
  101  10:50  Marine x5  
  101  10:54  SCV  
  101  10:55  SCV  
  108  10:59  Orbital Command  
  108  11:06  SCV  
  108  11:07  Marine, SCV  
  106  11:37  Marine x2  
  106  11:38  Marine x3  
  104  11:47  Liberator x2  
  104  11:55  Marine  
  104  12:00  Marine x4  
  99  12:03  Siege Tank  
  108  12:13  Marine  
  109  12:18  Marine  
  110  12:36  Marine x4  
  110  12:37  Marine  
Tags
 
Composition
MMM Bio
League
GoldGold
Matchup
TvZ
Opening
Pool First
Add a new tag
Caveats
  • Supply blocks, unpowered buildings, or Contaminate may cause inaccurate times.
  • Supply counts are checked every 10 seconds.